 Dungeon Crawl Stone Soup version 0.27.1-33-g824d729ab1 (webtiles) character file.

Game seed: 11048730896966361636

158 raph the Firebug (level 5, -2/35 HPs)
             Began as a Human Fire Elementalist on Dec 26, 2021.
             Was an Initiate of Sif Muna.
             Slain by a sky beast (5 damage)
             ... on level 5 of the Dungeon.
             The game lasted 00:03:28 (3173 turns).

raph the Firebug (Human Fire Elementalist)          Turns: 3173, Time: 00:03:28

Health: -2/35      AC:  2    Str:  8    XL:     5   Next: 67%
Magic:  1/8        EV: 12    Int: 16    God:    Sif Muna [......]
Gold:   76         SH:  0    Dex: 14    Spells: 4/8 levels left

rFire    . . .     SeeInvis .   c - +1 hand axe
rCold    . . .     Faith    .   (no shield)
rNeg     . . .     Spirit   .   a - +0 robe
rPois    .         Reflect  .   (no helmet)
rElec    .         Harm     .   (no cloak)
rCorr    .         Rampage  .   (no gloves)
Will     .....                  (no boots)
Stlth    ++........             (no amulet)
HPRegen  0.11/turn              (no ring)
MPRegen  0.11/turn              (no ring)

@: no status effects
A: no striking features
a: Renounce Religion


You were on level 5 of the Dungeon.
You worshipped Sif Muna.
Sif Muna was noncommittal.
You visited 1 branch of the dungeon, and saw 4 of its levels.

You collected 76 gold pieces.

Inventory:

Hand Weapons
 c - a +1 hand axe (weapon)
Missiles
 d - 18 poisoned darts
Armour
 a - a +0 robe (worn)
Jewellery
 h - a ring of ice
Scrolls
 b - 3 scrolls of teleportation
 g - a scroll of enchant weapon
Potions
 e - 2 potions of flight
 f - 2 potions of curing {unknown}
 i - a potion of brilliance {unknown}
 j - a potion of berserk rage {unknown}


   Skills:
 - Level 2.0 Dodging
 - Level 2.0 Stealth
 - Level 2.0 Spellcasting
 + Level 3.5 Conjurations
 + Level 4.6 Fire Magic


You had 4 spell levels left.
You knew the following spells:

 Your Spells              Type           Power      Damage    Failure   Level
a - Foxfire               Conj/Fire      56%        2x1d6     3%          1
b - Conjure Flame         Conj/Fire      14%        6-21      12%         3

Your spell library contained the following spells:

 Spells                   Type           Power      Damage    Failure   Level
 Inner Flame              Hex/Fire       9%         N/A       24%         3
 Stone Arrow              Conj/Erth      14%        3d7       30%         3
 Sticky Flame             Conj/Fire      14%        2d4       36%         4
 Fireball                 Conj/Fire      7%         3d5       71%         5
 Bolt of Magma            Conj/Fire/Erth 5%         4d5       88%         5
 Shatter                  Erth           0%         3d5*      100%        9


Dungeon Overview and Level Annotations

Branches:
Dungeon (3/15)

Altars:
Sif Muna
Wu Jian


Message History

Confirm with . or Enter, or press ? or * to list all spells.
You conjure some foxfire!
Casting: Foxfire (safe; 3% risk of failure)
Confirm with . or Enter, or press ? or * to list all spells.
You conjure some foxfire!
The foxfire hits something but does no damage. x2
Casting: Foxfire (safe; 3% risk of failure)
Confirm with . or Enter, or press ? or * to list all spells.
You conjure some foxfire!
The foxfire hits something. x2; Something hits you.
Something shocks you.
Casting: Foxfire (safe; 3% risk of failure)
Confirm with . or Enter, or press ? or * to list all spells.
You conjure some foxfire!
The foxfire hits something but does no damage.
The foxfire hits something.
Something hits you. Something shocks you.
Casting: Foxfire (safe; 3% risk of failure)
Confirm with . or Enter, or press ? or * to list all spells.
You conjure some foxfire!
The foxfire hits the orc.
The orc is heavily wounded.
The orc hits you with a +0 mace. Something completely misses you.
Casting: Foxfire (safe; 3% risk of failure)
Confirm with . or Enter, or press ? or * to list all spells.
You conjure some foxfire!
The foxfire hits the orc.
The orc is severely wounded.
The foxfire hits something.
The foxfire hits the orc.
You kill the orc!
Sif Muna accepts your kill. Something hits you. Something shocks you.
* * * LOW HITPOINT WARNING * * *
Your foxfire dissipates!
The foxfire hits the orc.
The orc is moderately wounded.
Casting: Foxfire (safe; 3% risk of failure)
Confirm with . or Enter, or press ? or * to list all spells.
You conjure some foxfire!
The orc hits you with a +0 short sword.
* * * LOW HITPOINT WARNING * * *
Something hits you.
* * * LOW HITPOINT WARNING * * *
Something shocks you.
You die...

###... #....#
### #....#
.... #....#
.....
#....#......
#....'......
#ยง.).#......
#####vo..#
###.#
#....@.###
#...v..#
#......#
#......#####
######.....#
#...#.....+
#...'.....#
#...#.....##
###+##.....#


You could see an orc (ally target).

Vanquished Creatures
  A scorpion (D:3)
  An iguana (D:5)
  4 adders (D:2)
  3 orcs
  3 bats (D:2)
  6 endoplasms
  3 goblins
  4 hobgoblins
  A quokka (D:2)
  7 ball pythons
  2 kobolds (D:2)
  3 rats
38 creatures vanquished.

Vanquished Creatures (collateral kills)
  A foxfire (D:3)
1 creature vanquished.

Vanquished Creatures (others)
  112 foxfires
112 creatures vanquished.

Grand Total: 151 creatures vanquished

Notes
Turn   | Place    | Note
-------+----------+-------------------------------------------
     0 | D:1      | raph the Human Fire Elementalist began the quest for the
                  | Orb.
     0 | D:1      | Reached XP level 1. HP: 13/13 MP: 3/3
   242 | D:1      | Found a faded altar of an unknown god.
  1051 | D:2      | Reached XP level 2. HP: 19/19 MP: 1/5
  1233 | D:2      | Reached XP level 3. HP: 24/24 MP: 0/6
  1786 | D:2      | Reached XP level 4. HP: 23/30 MP: 3/7
  1825 | D:2      | Learned a level 3 spell: Conjure Flame
  2011 | D:2      | Reached skill level 4 in Fire Magic
  2370 | D:3      | Noticed a scorpion
  2607 | D:3      | Killed a scorpion
  2608 | D:3      | Reached XP level 5. HP: 35/35 MP: 2/8
  2854 | D:3      | Found an ornate altar of the Wu Jian Council.
  3028 | D:3      | You fall into a shaft and drop 2 floors!
  3028 | D:5      | Entered Level 5 of the Dungeon
  3028 | D:5      | Found a shimmering blue altar of Sif Muna.
  3038 | D:5      | Became a worshipper of Sif Muna the Loreminder
  3163 | D:5      | Noticed a sky beast
  3173 | D:5      | Slain by a sky beast

Illustrated notes

Levels and vault maps discovered:
D:1:      dpeg_arrival_connections, layout_basic,
          hellmonk_ecumenical_altar_slurped_away
D:2:      wander_river, layout_basic, serial_aquarium, aquarium_bridge_square
          [aquarium_subvault_bridge, aquarium_subvault_wall,
          aquarium_subvault_bridge, aquarium_subvault_wall],
          aquarium_window_fake, aquarium_window_2, aquarium_view_4,
          aquarium_view_2d, aquarium_pool_2
D:3:      layout_loops_corners, slow_altar_2, mainiacjoe_overflow_24_doors,
          serial_bayou_pond_b, uniq_grinder
D:5:      layout_gridville, mainiacjoe_overflow_alcove_1, grunt_ministairs_14

Skill      XL: |  1  2  3  4 |
---------------+-------------+-----
Conjurations   | 2 3 |  3.5
Fire Magic     | 4 |  4.6
Dodging        | |  2.0
Stealth        | |  2.0
Spellcasting   | |  2.0

Action                   |  1- 3 |  4- 6 || total
-------------------------+-------+-------++-------
Melee: Hand axe          |     5 |     4 ||     9
 Cast: Foxfire           |    35 |    35 ||    70
  Use: Scroll            |     2 |     1 ||     3
Armor: Robe              |     2 |       ||     2
Dodge: Dodged            |     7 |     6 ||    13
